AoeStats
← cosmoto

Hideout

508464159Analyzed
1v1 RM · 10d ago on Sep 22, 2026· 39m 14s· 2 players
Game mode
Random Map
Map size
Tiny (2 player)
Population
200
Speed
Normal
Resources
Standard
Victory
Conquest
Starting age
Dark Age
Ending age
Imperial Age
RankedLock teamsTeams togetherTeam positionsShared explorationLock speedFull tech treeHidden civsTurbo modeCheats
Victory
Defeat
🇵🇱 Poles · Poland
660
+16
🇷🇴 Random · Romania
650
-16
cosmoto
10:12 Feudal Age
11:37 Wheelbarrow
11:09 Double-Bit Axe
12:30 Horse Collar
15:38 Gold Mining
19:30 Forging
19:22 Scale Mail Armor
18:56 Man-at-Arms
19:22 Arson
21:43 Castle Age
22:07 Crossbowman
25:45 Fletching
28:01 Bow Saw
31:15 Iron Casting
30:55 Chain Mail Armor
31:04 Heavy Plow
32:01 Padded Archer Armor
Stefan1655
9:26 Loom
13:30 Feudal Age
14:54 Wheelbarrow
14:39 Horse Collar
14:48 Double-Bit Axe
18:48 Bloodlines
18:33 Stone Mining
18:37 Gold Mining
21:47 Castle Age
22:23 Crossbowman
23:11 Thumb Ring
23:08 Fletching
23:21 Padded Archer Armor
26:20 Szlachta Privileges
26:55 Light Cavalry
28:36 Scale Barding Armor
29:19 Forging
30:35 Husbandry
31:21 Hand Cart
32:35 Heavy Plow
33:46 Bow Saw
36:27 Bodkin Arrow
38:17 Chain Barding Armor
38:34 Iron Casting
Connection lost

Rejoining the realm…

Still unreachable

The connection could not be restored.

Session expired

The server has moved on; the page needs a fresh start.